 Dungeon Crawl Stone Soup version 0.14.2 (webtiles) character file.

4919 peterlawrence the Basher (level 10, -2/94 HPs)
             Began as a Minotaur Fighter on Oct 10, 2023.
             Was a Priest of Okawaru.
             Slain by a raven (4 damage)
             ... led by a tengu warrior
             ... on Level 9 of the Dungeon.
             The game lasted 00:13:40 (7780 turns).

peterlawrence the Basher (Minotaur Fighter)         Turns: 7780, Time: 00:13:41

HP  -2/94        AC 14     Str 22      XL: 10   Next: 15%
MP   9/9         EV  4     Int  5      God: Okawaru [***...]
Gold 451         SH 20     Dex 12      Spells:  0 memorised,  9 levels left

rFire  . . .     SeeInvis .     g - +2,+1 whip (freeze)
rCold  . . .     Clarity  .     b - +0 plate armour
rNeg   . . .     Conserve +     c - +1 shield
rPois  .         rCorr    .     (helmet restricted)
rElec  .         rRot     .     (no cloak)
SustAb . .       Spirit   .     l - +0 pair of gloves
rMut   .         Warding  .     w - +0 pair of boots
Saprov . . .     Stasis   .     k - amulet of conservation
MR     .....                    (no ring)
                                (no ring)

@: not resistant to hostile enchantments, extremely unstealthy
A: retaliatory headbutt, horns 2
a: Heroism, Renounce Religion


You were on level 9 of the Dungeon.
You worshipped Okawaru.
Okawaru was most pleased with you.
You were very hungry.

You visited 2 branches of the dungeon, and saw 10 of its levels.

You collected 451 gold pieces.

Inventory:

Hand weapons
 a - a +0,+0 flail
 g - a +2,+1 whip of freezing (weapon)
Armour
 b - a +0 plate armour (worn)
 c - a +1 shield (worn)
 l - a +0 pair of gloves (worn)
 w - a +0 pair of boots (worn)
Magical devices
 s - a wand of draining (3)
 t - a wand of teleportation (6)
 v - a wand of frost (11)
 D - a wand of draining (5)
Comestibles
 d - 6 bread rations
 m - 3 meat rations
 z - 7 cheeses
Scrolls
 n - 4 scrolls of remove curse
 y - 2 scrolls of enchant weapon I
 E - a scroll of teleportation
Jewellery
 i - an uncursed amulet of guardian spirit
 k - an amulet of conservation (around neck)
 p - an uncursed ring of ice
Potions
 e - a potion of agility {unknown}
 h - 10 potions of curing
 j - 2 potions of haste {unknown}
 o - a potion of resistance
 q - 2 potions of poison {unknown}
 r - a potion of degeneration {unknown}
 u - a potion of heal wounds {unknown}
 C - 4 potions of invisibility {unknown}


   Skills:
 + Level 10.8 Fighting
 - Level 13.3 Maces & Flails
 - Level 4.1 Armour
 - Level 4.0 Shields
 - Level 3.0 Invocations


You had 9 spell levels left.
You didn't know any spells.

Dungeon Overview and Level Annotations

Branches:
Dungeon (9/15)             Temple (1/1) D:4             Orc (0/4) D:9
   Lair: D:8-11

Altars:
Dithmenos
Elyvilon
Kikubaaqudgha
Makhleb
Nemelex Xobeh
Okawaru
Sif Muna
Vehumet
Xom
Yredelemnul
Zin

Shops:
D:9 }


Innate Abilities, Weirdness & Mutations

You reflexively headbutt those who attack you in melee.
You have a pair of horns on your head.


Message History

The raven completely misses you. The raven claws you but does no damage.
Unknown command.
Unknown command.
You hit the ice beast but do no damage.
The ice beast is moderately wounded.
The raven pecks you.
* * * LOW HITPOINT WARNING * * *
The raven claws you.
* * * LOW HITPOINT WARNING * * *
The ice beast hits you but does no damage.
The raven pecks you!
* * * LOW HITPOINT WARNING * * *
The raven claws you.
* * * LOW HITPOINT WARNING * * *
You hit the ice beast. Your headbutt misses the ice beast.
The ice beast is heavily wounded.
The raven pecks you!
* * * LOW HITPOINT WARNING * * *
The raven claws you.
You die...

###......# #.....###### #####
#.....#....# ###...##
#...###....#### #...bb.##
....#.....##..# ##....HbI#
...##.....#...### ##....#kb...#
...#....###.....####.....##....#
.###......##......#....###
.?...# ## ###....#.....@I.....#
#.... .## #........#..b...###
... ..## ###.....####...## #
...####.....## #####
.....##.%.### .....#....#
##.......## #.......# ###<..###


You could see a raven and an ice beast.

Vanquished Creatures
  The ghost of peterlawrence the Basher, an experienced MiFi of Okawaru (D:6)
  An item mimic (D:8)
  A two-headed ogre (D:9)
  A human (D:7)
  A hippogriff (D:7)
  Eustachio (D:6)
  2 orc warriors
  A water moccasin (D:8)
  3 phantoms (D:7)
  2 ogres
  3 ice beasts
  2 sky beasts
  2 centaurs
  2 crocodiles
  A big kobold (D:8)
  A scorpion (D:3)
  A vampire bat (D:5)
  3 wights (D:8)
  4 killer bees (D:9)
  2 goliath beetles
  3 crimson imps
  3 jellies
  4 orc priests
  A hound (D:7)
  A centaur skeleton (D:8)
  A gnoll shaman (D:7)
  7 worker ants
  2 orc wizards
  A statue (D:7)
  4 sheep (D:7)
  Ijyb (D:3)
  A hound skeleton (D:6)
  7 gnolls
  5 adders
  3 orc zombies
  A goliath beetle zombie (D:7)
  6 worms
  3 fire bats (D:5)
  3 giant eyeballs
  24 orcs
  2 spectral bats (D:5)
  4 bat skeletons
  A bat zombie (D:5)
  13 hobgoblins
  2 jackals (D:1)
  13 kobolds
  5 quokkas
  A ball python (D:2)
  22 bats
  A bat simulacrum (D:5)
  6 giant cockroaches
  5 giant geckos
  5 giant newts
  12 goblins
  A quokka skeleton (D:7)
  16 rats
  4 ballistomycetes (D:9)
229 creatures vanquished.

Vanquished Creatures (others)
  A giant spore (D:9)
1 creature vanquished.

Grand Total: 230 creatures vanquished

Notes
Turn   | Place    | Note
--------------------------------------------------------------
     0 | D:1      | peterlawrence, the Minotaur Fighter, began the quest for the Orb.
     0 | D:1      | Reached XP level 1. HP: 19/19 MP: 1/1
   103 | D:1      | Reached XP level 2. HP: 16/27 MP: 1/1
   330 | D:1      | Reached skill level 4 in Armour
   527 | D:1      | Reached XP level 3. HP: 33/33 MP: 2/2
  1148 | D:2      | Reached XP level 4. HP: 40/40 MP: 2/2
  1308 | D:2      | Found a burning altar of Makhleb.
  1310 | D:2      | Found a glowing silver altar of Zin.
  1310 | D:2      | Noticed an angel
  1310 | D:2      | Noticed an Executioner
  1384 | D:2      | Reached skill level 5 in Maces & Flails
  1716 | D:3      | Reached XP level 5. HP: 40/46 MP: 2/2
  1833 | D:3      | Noticed Ijyb
  1853 | D:3      | Killed Ijyb
  2000 | D:3      | Reached skill level 6 in Maces & Flails
  2215 | D:4      | Noticed an ogre
  2227 | D:4      | Killed an ogre
  2227 | D:4      | Reached skill level 7 in Maces & Flails
  2227 | D:4      | Reached XP level 6. HP: 14/52 MP: 0/3
  2390 | D:4      | Found a staircase to the Ecumenical Temple.
  2407 | Temple   | Entered the Ecumenical Temple
  2433 | Temple   | Became a worshipper of Warmaster Okawaru
  2457 | D:5      | Entered Level 5 of the Dungeon
  3025 | D:4      | Reached skill level 8 in Maces & Flails
  3462 | D:5      | Reached skill level 9 in Maces & Flails
  3462 | D:5      | Reached XP level 7. HP: 53/59 MP: 3/3
  3587 | D:5      | Paralysed by a giant eyeball for 3 turns
  4081 | D:5      | Reached skill level 10 in Maces & Flails
  4108 | D:5      | Acquired Okawaru's first power
  4290 | D:6      | Noticed Eustachio
  4296 | D:6      | Killed Eustachio
  4296 | D:6      | Reached XP level 8. HP: 66/66 MP: 3/3
  4324 | D:6      | Reached skill level 11 in Maces & Flails
  4396 | D:6      | Paralysed by a giant eyeball for 4 turns
  4449 | D:6      | Noticed peterlawrence's ghost (experienced MiFi)
  4465 | D:6      | Killed peterlawrence's ghost
  4465 | D:6      | Reached skill level 12 in Maces & Flails
  4848 | D:6      | Found a sparkling altar of Nemelex Xobeh.
  5273 | D:7      | Reached skill level 13 in Maces & Flails
  5286 | D:7      | Reached XP level 9. HP: 54/71 MP: 2/4
  5444 | D:7      | Reached skill level 1 in Invocations
  5867 | D:7      | Found a radiant altar of Vehumet.
  5892 | D:7      | Reached skill level 5 in Fighting
  6226 | D:8      | Killed a pile of gold mimic
  6904 | D:9      | Found a staircase to the Orcish Mines.
  6930 | D:9      | Reached skill level 10 in Fighting
  6930 | D:9      | Reached XP level 10. HP: 62/93 MP: 8/9
  7109 | D:9      | Found Feantesk's Gadget Emporium.
  7535 | D:9      | Noticed a tengu warrior
  7780 | D:9      | HP: 2/94 [raven[a tengu warrior] (9)]
  7780 | D:9      | Slain by a raven

Action                   |  1- 3 |  4- 6 |  7- 9 | 10-12 || total
-------------------------+-------+-------+-------+-------++-------
Melee: Flail             |    25 |       |       |       ||    25
       Whip              |    62 |   177 |   437 |    99 ||   775
Invok: Heroism           |       |       |     6 |     1 ||     7
Evoke: Wand              |       |       |     5 |     6 ||    11
  Use: Scroll            |     1 |     8 |     5 |       ||    14
       Potion            |       |     1 |     2 |       ||     3
